 Dungeon Crawl Stone Soup version 0.17.2-1-ge4368a0 (webtiles) character file.

375 Goblin1989 the Cutter (level 7, -4/41 HPs)
             Began as a Kobold Earth Elementalist on Oct 16, 2016.
             Was an Initiate of Ashenzari.
             Slain by an orc
             ... wielding a +0 trident
              (7 damage)
             ... on level 7 of the Dungeon.
             The game lasted 00:25:58 (1486 turns).

Goblin1989 the Cutter (Kobold Earth Elementalist)   Turns: 1486, Time: 00:25:58

Health: -4/41      AC:  5    Str:  6    XL:     7   Next: 3%
Magic:  10/10      EV: 18    Int: 13    God:    Ashenzari [......]
Gold:   173        SH:  0    Dex: 19    Spells: 2 memorised, 7 levels left

rFire  + . .     SeeInvis .     a - +2 short sword (venom)
rCold  + . .     Clarity  .     e - +0 robe
rNeg   . . .     SustAt   .     (shield restricted)
rPois  .         Gourm    .     o - +0 helmet (curse)
rElec  .         Spirit   .     j - +0 cloak (curse)
rCorr  .         Warding  .     g - +0 pair of gloves (curse)
rMut   .         Stasis   .     (no boots)
MR     .....                    (no amulet)
Stlth  +++.......               c - ring of protection from cold (curse)
                                f - ring of protection from fire (curse)

@: not resistant to hostile enchantments, fairly stealthy
A: carnivore 3
a: Renounce Religion


You were on level 7 of the Dungeon.
You worshipped Ashenzari.
Ashenzari was noncommittal.
You were full.

You visited 2 branches of the dungeon, and saw 8 of its levels.

You collected 173 gold pieces.

Inventory:

Hand Weapons
 a - a +2 short sword of venom (weapon)
Missiles
 b - 33 stones (quivered)
Armour
 e - a +0 robe (worn)
 g - a cursed +0 pair of gloves (worn)
 j - a cursed +0 cloak (worn)
 o - a cursed +0 helmet (worn)
Jewellery
 c - a cursed ring of protection from cold (right hand)
 f - a cursed ring of protection from fire (left hand)
Wands
 t - a wand of random effects (30)
Scrolls
 h - 4 scrolls of identify {unknown}
 i - a scroll of enchant armour {unknown}
 k - a scroll of recharging {unknown}
 l - 2 scrolls of amnesia {unknown}
 p - 3 scrolls of curse jewellery
 q - 2 scrolls of fear {unknown}
 s - a scroll of curse armour
Potions
 m - a potion of magic {unknown}
 r - a potion of lignification {unknown}
Books
 n - a book of Geomancy

   Spells                             Type                      Level
   a - Sandblast                      Earth                        1
   b - Stoneskin                      Transmutation/Earth          2
   c - Passwall                       Transmutation/Earth          3
   d - Stone Arrow                    Conjuration/Earth            3
   e - Petrify                        Transmutation/Earth          4
   f - Lee's Rapid Deconstruction     Earth                        5
Comestibles
 d - 3 meat rations {@e2}


   Skills:
 + Level 3.2 Fighting
 * Level 5.2 Short Blades
 + Level 4.4 Dodging
 + Level 4.3 Stealth
 - Level 2.0 Spellcasting
 - Level 0.8 Transmutations
 - Level 3.0 Earth Magic


You had 7 spell levels left.
You knew the following spells:

 Your Spells              Type           Power        Failure   Level  Hunger
a - Sandblast             Erth           #.....       10%         1    ##.....
b - Stoneskin             Trmt/Erth      #.......     21%         2    ###....


Dungeon Overview and Level Annotations

Branches:
Dungeon (7/15)             Temple (1/1) D:4

Altars:
Ashenzari
Cheibriados
Dithmenos
Elyvilon
Fedhas
Makhleb
Qazlal
Sif Muna
Vehumet
Xom
Zin

Shops:
D:6 !

Annotations:
D:3 magog001's ghost, amateur OpAs


Innate Abilities, Weirdness & Mutations

You are small and have problems with some larger weapons.
You are carnivorous and can eat meat at any time.


Message History

The orc misses you. The orc wizard hits you with a dagger.
* * * LOW HITPOINT WARNING * * *
You take 3 damage, and have 5/41 hp.
You hit the orc wizard.
The orc wizard is poisoned.
The orc wizard is lightly wounded.
The orc hits you with a trident.
* * * LOW HITPOINT WARNING * * *
You take 1 damage, and have 4/41 hp.
MP restored: 10 You hit the orc.
The orc is poisoned.
The orc is moderately wounded.
You kill the orc!
The orc wizard gestures at you while chanting.
The puff of flame hits you! You resist.
* * * LOW HITPOINT WARNING * * *
The orc misses you.
You take 1 damage, and have 3/41 hp.
The orc barely misses you.
The orc hits you from afar with a trident!
You die... ਜਜਜਜਜਜਜਜਜਜਜਜਜਜਜਜਜਜਜਜਜਜ

...................).ਜਜ
................@o....ਜਜਜ
..................o.....ਜ
.............(...........ਜ
..........................
..........................
..........................
............(...........>.
..........................
.........................


You could see an orc wizard and an orc.

Vanquished Creatures
  A scorpion (D:7)
  The ghost of Goblin1989 the Digger, a weakling KoEE of Makhleb (D:6)
  A hound (D:7)
  A centaur skeleton (D:5)
  3 worker ants
  A giant frog skeleton (D:5)
  3 gnolls
  4 adders
  An ooze (D:2)
  An adder skeleton (D:4)
  2 worms
  3 giant geckos
  6 orcs
  5 bats
  2 hobgoblins (D:1)
  A quokka (D:2)
  A ball python skeleton (D:4)
  A giant cockroach (D:1)
  3 giant newts
  9 goblins
  2 kobolds (D:3)
  5 rats
57 creatures vanquished.

Notes
Turn   | Place    | Note
--------------------------------------------------------------
     0 | D:1      | Goblin1989 the Kobold Earth Elementalist began the quest for the Orb.
     0 | D:1      | Reached XP level 1. HP: 10/10 MP: 3/3
   127 | D:2      | Reached skill level 1 in Fighting
   127 | D:2      | Reached skill level 1 in Short Blades
   127 | D:2      | Reached XP level 2. HP: 5/16 MP: 1/5
   247 | D:2      | Reached XP level 3. HP: 7/20 MP: 6/6
   349 | D:1      | HP: 1/21 [rat (3)]
   396 | D:1      | Learned a level 2 spell: Stoneskin
   569 | D:2      | Reached XP level 4. HP: 12/26 MP: 7/7
   654 | D:2      | Found a burning altar of Makhleb.
   656 | D:2      | Noticed a blizzard demon
   770 | D:3      | Noticed magog001's ghost (amateur OpAs)
   850 | D:3      | You fall through a shaft for 3 floors!
   903 | D:5      | Entered Level 5 of the Dungeon
   915 | D:5      | Reached XP level 5. HP: 27/30 MP: 4/8
  1071 | D:4      | Found a staircase to the Ecumenical Temple.
  1081 | Temple   | Entered the Ecumenical Temple
  1097 | Temple   | Became a worshipper of Ashenzari the Shackled
  1145 | D:4      | Reached skill level 4 in Short Blades
  1156 | D:4      | Noticed a phantom
  1274 | D:6      | Found Giel's Distillery.
  1275 | D:6      | Noticed a phantom
  1284 | D:6      | Reached XP level 6. HP: 6/36 MP: 9/9
  1287 | D:6      | Noticed Goblin1989's ghost (weakling KoEE)
  1296 | D:6      | Found a snail-covered altar of Cheibriados.
  1357 | D:6      | Killed Goblin1989's ghost
  1401 | D:6      | Noticed an orc warrior
  1441 | D:7      | Reached skill level 5 in Short Blades
  1465 | D:7      | Reached XP level 7. HP: 6/41 MP: 7/10
  1486 | D:7      | Slain by an orc

Action                   |  1- 3 |  4- 6 |  7- 9 || total
-------------------------+-------+-------+-------++-------
Melee: Dagger            |    31 |       |       ||    31
       Short sword       |    22 |    87 |     3 ||   112
 Cast: Sandblast         |    10 |     7 |       ||    17
       Stoneskin         |     1 |     2 |       ||     3
  Use: Scroll            |       |     5 |       ||     5
       Potion            |       |     2 |       ||     2
 Stab: Sleeping          |       |     4 |       ||     4
  Eat: Chunk             |     7 |     2 |       ||     9

Vault maps used:
D:1:      zaba_arrival_water, serial_bayou_pond_c
D:2:      makhleb_altar_promises_db
D:3:      moated_statue, uniq_natasha
D:4:      minmay_temple_entry_mist, serial_shops, shop_fountains, shop,
          minmay_misc_feat_doors, uniq_menkaure
D:5:      first_bread, grunt_ministairs_7
D:6:      overflow_temple_1_default, serial_shops, shop
D:7:      uniq_duvessa
Temple:   grunt_circular_temple_18
